 Dungeon Crawl Stone Soup version 0.25-a0-544-gee0576305d (webtiles) character file.

Game seed: 5799649133195849110, levelgen mode: deterministic

34 vurker the Gusty (level 3, -2/15 HPs)
             Began as a Felid Air Elementalist on Feb 20, 2020.
             Killed from afar by Sigmund (8 damage)
             ... with a puff of flame
             ... on level 2 of the Dungeon.
             The game lasted 00:01:16 (1373 turns).

vurker the Gusty (Felid Air Elementalist)           Turns: 1373, Time: 00:01:16

Health: -2/15      AC:  1    Str:  4    XL:     3   Next: 14%
Magic:  4/7        EV: 18    Int: 17    God:
Gold:   92         SH:  0    Dex: 16    Spells: 6/7 levels left
                                        Lives:  0   Deaths: 0

rFire    . . .     SeeInvis +   (weapon unavailable)
rCold    . . .     Gourm    .   (shield unavailable)
rNeg     . . .     Faith    .   (armour unavailable)
rPois    .         Spirit   .   (helmet unavailable)
rElec    .         Reflect  .   (cloak unavailable)
rCorr    .         Harm     .   (gloves unavailable)
MR       .....                  (boots unavailable)
Stlth    +++.......             (no amulet)
HPRegen  0.05/turn              (no ring)
MPRegen  0.10/turn              (no ring)

@: quick
A: very small, no armour, no weapons or thrown items, stealth, claws 1, fangs 3,
see invisible, carnivore, speed 1, shaggy fur 1, slow metabolism 1, sharp paws
a: no special abilities


You were on level 2 of the Dungeon.
You were completely stuffed.

You visited 1 branch of the dungeon, and saw 2 of its levels.

You collected 92 gold pieces.

Inventory:

Scrolls
 a - a scroll of enchant armour {unknown}
 d - a scroll of magic mapping {unknown}
Potions
 b - a potion of degeneration {unknown}
 c - a potion of might {unknown}
 f - 2 potions of curing {unknown}
Comestibles
 e - 3 rations


   Skills:
 + Level 0.9 Fighting
 - Level 2.6 Dodging
 - Level 2.6 Stealth
 * Level 2.6 Spellcasting
 + Level 1.3 Conjurations
 * Level 3.0 Air Magic


You had 6 spell levels left.
You knew the following spells:

 Your Spells              Type           Power        Failure   Level  Hunger
a - Shock                 Conj/Air       #...         8%          1    #......

Your spell library contained the following spells:

 Spells                   Type           Power        Failure   Level  Hunger
 Swiftness                Chrm/Air       #.......     14%         2    ##.....
 Static Discharge         Conj/Air       #.......     22%         3    ###....
 Airstrike                Air            ##........   45%         4    #####..
 Lightning Bolt           Conj/Air       #.........   90%         5    ######.


Dungeon Overview and Level Annotations

Branches:
Dungeon (2/15)

Altars:

Annotations:
D:2 Sigmund


Innate Abilities, Weirdness & Mutations

You cannot wear armour.
You are incapable of wielding weapons or throwing items.
Your paws allow you to move quietly. (Stealth)
You have sharp claws.
You have razor-sharp teeth.
You have supernaturally acute eyesight. (SInv)
You are carnivorous and can eat meat at any time.
You cover ground quickly.
You are covered in fur. (AC +1)
You have a slow metabolism.
Your sharp claws are effective at attacking unaware monsters.


Message History

Eating a chunk of flesh.
You eat the chunk of flesh.
This raw flesh tastes great.
f - a blue potion A hobgoblin comes into view.
It is wielding a +0 club.
A hobgoblin is nearby!
A hobgoblin is nearby!
Aim: a hobgoblin, wielding a +0 club The zap misses the hobgoblin.
Aim: a hobgoblin, wielding a +0 club The zap hits the hobgoblin.
Aim: a hobgoblin, wielding a +0 club (moderately wounded) That beam is likely to hit you.
Continue anyway? [Y]es or [N]o only, please.
That beam is likely to hit you.
Continue anyway?
Okay, then.
Aim: a hobgoblin, wielding a +0 club (moderately wounded)
The zap hits the hobgoblin.
The hobgoblin closely misses you.
Aim: a hobgoblin, wielding a +0 club (almost dead)
The zap hits the hobgoblin.
You kill the hobgoblin!
You can't see any susceptible monsters within range! (Use Z to cast anyway.)
You can't see any susceptible monsters within range! (Use Z to cast anyway.)
Found a blue potion.
Found a ration.
e - 3 rations (gained 1)
f - 2 blue potions (gained 1)
A hobgoblin comes into view.
A hobgoblin is nearby!
A hobgoblin is nearby!
Aim: a hobgoblin (resting)
The zap hits the hobgoblin.
The hobgoblin shouts!
Aim: a hobgoblin (almost dead)
The zap hits the hobgoblin.
You kill the hobgoblin!
Sigmund the Dreaded comes into view.
He is wielding a +0 scythe.
Okay, then.
Aim: Sigmund, wielding a +0 scythe and wearing a +0 robe (hasn't noticed you)
The zap misses Sigmund.
Sigmund shouts!
Sigmund gestures at you while chanting. You resist with some effort.
Sigmund points at you and mumbles some strange words.
The magic dart hits you!
Ouch! That really hurt!
* * * LOW HITPOINT WARNING * * *
Sigmund gestures at you while chanting. The puff of flame hits you!
Ouch! That really hurt!
You die...

##..... #..... #.#.@ ##.#.#
#....# #.#.## #...# ###
##..## ##..
########.@#####..#
......#..........#
#............# ..
##...........# #..#
##...#........#
#...####...##.......รท#
#..................#########
####.###.##.................
#....#...##[..............##


You could see Sigmund.

Vanquished Creatures
  7 bats (D:1)
  4 giant cockroaches (D:1)
  3 goblins (D:1)
  5 hobgoblins
  3 kobolds (D:1)
  A quokka (D:2)
  A ball python (D:1)
  2 frilled lizards (D:1)
  4 rats
30 creatures vanquished.

Notes
Turn   | Place    | Note
-------+----------+-------------------------------------------
     0 | D:1      | vurker the Felid Air Elementalist began the quest for the
                  | Orb.
     0 | D:1      | Reached XP level 1. HP: 7/7 MP: 4/4
   168 | D:1      | Reached skill level 1 in Conjurations
   418 | D:1      | Reached XP level 2. HP: 12/12 MP: 4/6
   680 | D:1      | Reached skill level 3 in Air Magic
  1176 | D:2      | Reached XP level 3. HP: 15/15 MP: 1/7
  1366 | D:2      | Noticed Sigmund
  1373 | D:2      | Killed from afar by Sigmund

Levels and vault maps discovered:
D:1:      wheals_arrival_linesprint, layout_basic, minmay_tetromino_o2
D:2:      layout_rooms, lemuel_crystal_altar, old_standard_altar,
          minmay_misc_feat_plants, uniq_sigmund, uniq_jessica

Skill      XL: |  1  2 |
---------------+-------+-----
Conjurations   | 1 |  1.3
Air Magic      | 3 |  3.0
Fighting       | |  0.9
Dodging        | |  2.6
Stealth        | |  2.6
Spellcasting   | |  2.6

Action                   || total
-------------------------++-------
Melee: Unarmed           ||    21
       Bite              ||     2
 Cast: Shock             ||    54
  Eat: Chunk             ||     9
Armor: Skin              ||     4
Dodge: Dodged            ||    27

Table legend:
 A = Non-vault XP
 B = Vault XP
 C = Vault XP percentage of total XP
 D = Non-vault monster count
 E = Vault monster count
 F = Vault count percentage of total count
                 A         B        C        D         E       F
            +---------+---------+-------+---------+---------+-------
      Total |      47 |       2 |   4.1 |      28 |       2 |   6.7
            +---------+---------+-------+---------+---------+-------
        D:1 |      38 |       2 |   5.0 |      23 |       2 |   8.0
        D:2 |       9 |       0 |   0.0 |       5 |       0 |   0.0
            +---------+---------+-------+---------+---------+-------
